 Dungeon Crawl Stone Soup version 0.17-a0-1763-g847a857 (webtiles) character file.

5980 hexophile the Covert (level 10, -13/94 HPs)
             Began as an Octopode Berserker on Sept 5, 2015.
             Was a High Priest of Trog.
             Mangled by a troll (16 damage)
             ... on level 9 of the Dungeon.
             The game lasted 00:16:19 (9286 turns).

hexophile the Covert (Octopode Berserker)           Turns: 9286, Time: 00:16:19

Health: -13/94     AC:  1    Str: 25    XL:     10   Next: 85%
Magic:  10/10      EV: 16    Int: 10    God:    Trog [*****.]
Gold:   408        SH:  0    Dex: 11    Spells: 0 memorised, 9 levels left

rFire  . . .     SeeInvis .     w - +0 trident (distort)
rCold  . . .     Clarity  .     (no shield)
rNeg   + . .     SustAt   +     (helmet restricted)
rPois  .         Gourm    .     h - amulet of warding
rElec  .         Spirit   .     c - ring of sustain attributes
rCorr  .         Warding  +     (no ring)
rMut   .         Stasis   .     (no ring)
MR     ++...                    (no ring)
Stlth  ..........               (no ring)
                                (no ring)
                                (no ring)
                                (no ring)

@: berserking, regenerating, very quick, very resistant to hostile enchantments,
extremely unstealthy
A: almost no armour, amphibious, 8 rings, constrict 8, camouflage 1, gelatinous
body 1
a: Burn Spellbooks, Berserk, Trog's Hand, Brothers in Arms, Renounce Religion


You were on level 9 of the Dungeon.
You worshipped Trog.
Trog was extremely pleased with you.
You were hungry.

You visited 1 branch of the dungeon, and saw 9 of its levels.

You collected 408 gold pieces.

Inventory:

Hand weapons
 w - a +0 trident of distortion (weapon)
Missiles
 o - 271 stones (quivered)
Jewellery
 c - a ring of sustain attributes (left tentacle)
 h - an amulet of warding (around mantle)
Magical devices
 t - a wand of digging (21)
Scrolls
 d - a scroll of summoning {unknown}
 e - 3 scrolls of blinking
 g - 2 scrolls of identify
 i - a scroll of fear
 j - a scroll of fog {unknown}
 n - 4 scrolls of remove curse
 r - 5 scrolls of teleportation
Potions
 a - a potion of haste {unknown}
 f - a potion of curing
 k - 3 potions of agility
 m - a potion of flight
 p - 2 potions of might
 v - a potion of heal wounds {unknown}
Comestibles
 b - 9 bread rations
 l - 5 meat rations
 q - 10 fruits
 s - 7 slices of pizza


   Skills:
 - Level 3.0 Fighting
   Level 4.0 Maces & Flails
 * Level 10.1 Polearms
 * Level 9.9 Dodging
 + Level 10.4 Stealth


You had 9 spell levels left.
You didn't know any spells.

Dungeon Overview and Level Annotations

Branches:
Dungeon (9/15)             Temple (0/1) D:7            Lair (0/8) D:9
    Orc: D:9-12

Altars:
Ashenzari
Cheibriados
Gozag
Kikubaaqudgha
Nemelex Xobeh
Qazlal
Trog
Xom

Shops:
D:7 }   D:9 %!


Innate Abilities, Weirdness & Mutations

You cannot wear most types of armour.
You are amphibious.
You can wear up to eight rings at the same time.
You can use your tentacles to constrict eight enemies at once.
Your skin changes colour to match your surroundings (Stealth).
Your rubbery body absorbs attacks (AC +1).


Message History

Unknown command.
Use which ability?
Your skin crawls.
You feel resistant to hostile enchantments.
You feel slightly more hungry. The troll barely misses you.
The troll claws you.
* * * LOW HITPOINT WARNING * * *
The troll claws you.
* * * LOW HITPOINT WARNING * * *
Use which ability?
A red film seems to cover your vision as you go berserk!
You feel yourself moving faster!
You feel mighty!
You are feeling hungry.
The troll bites you!
* * * LOW HITPOINT WARNING * * *
The troll misses you. The troll claws you but does no damage.
You barely miss the troll. You squeeze the troll!
The troll is severely wounded.
The troll bites you!
You die...

# # # ############ ..........(.
#..).... ############# #.......
............# #.).....
......T@....# #....... ..
############..# #....... ...
#....).)......#####....... ...#
#.............#..(........
#...##..##########'#...........
#....#..# .#.........∩.
#......# .###..####...
###..).## Z# #..# ####
..####..# .# #..#


You could see a troll.

Vanquished Creatures
  A hydra (D:8)
  A two-headed ogre (D:9)
  Eustachio (D:5)
  A hungry ghost (D:9)
  A deep elf fighter (D:9)
  3 yaks
  A hippogriff (D:8)
  An orc warrior (D:8)
  A black bear (D:9)
  2 sky beasts
  3 ogres
  A phantom (D:6)
  A crocodile (D:9)
  3 big kobolds
  2 centaurs
  3 giant frogs
  2 scorpions (D:8)
  7 killer bees
  A giant frog zombie (D:7)
  8 wights
  5 crimson imps
  6 hounds
  2 jellies
  A giant frog skeleton (D:4)
  4 iguanas
  3 orc priests (D:6)
  6 worker ants
  8 orc wizards
  A sheep (D:8)
  A hound zombie (D:5)
  A hound skeleton (D:7)
  Robin (D:4)
  5 river rats (D:9)
  10 adders
  An adder zombie (D:7)
  An ooze (D:1)
  An adder skeleton (D:6)
  2 worms
  9 giant geckos
  22 orcs
  4 giant cockroaches
  11 hobgoblins
  10 kobolds
  4 quokkas
  2 ball pythons
  12 bats
  2 giant cockroach zombies (D:5)
  2 giant gecko skeletons
  10 giant newts
  13 goblins
  9 jackals
  17 rats
230 creatures vanquished.

Vanquished Creatures (others)
  A troll (D:8)
  A hungry ghost (D:9)
  2 ice beasts
  A phantom (D:5)
  2 big kobolds (D:8)
  2 wights
  A sheep (D:8)
  A hound zombie (D:7)
  A shadow imp (D:6)
  An adder skeleton (D:5)
  A goblin (D:4)
  A bat (D:9)
  2 fungi (D:9)
  A plant (D:9)
18 creatures vanquished.

Grand Total: 248 creatures vanquished

Notes
Turn   | Place    | Note
--------------------------------------------------------------
     0 | D:1      | hexophile the Octopode Berserker began the quest for the Orb.
     0 | D:1      | Reached XP level 1. HP: 16/16 MP: 1/1
   211 | D:1      | Reached XP level 2. HP: 21/21 MP: 2/2
   289 | D:1      | Reached skill level 1 in Stealth
   742 | D:2      | Reached XP level 3. HP: 11/26 MP: 3/3
  1109 | D:2      | Acquired Trog's second power
  1256 | D:2      | Found a bloodstained altar of Trog.
  1620 | D:2      | Reached XP level 4. HP: 19/31 MP: 4/4
  2302 | D:3      | Reached skill level 4 in Dodging
  2616 | D:3      | Reached XP level 5. HP: 29/36 MP: 5/5
  3003 | D:3      | Noticed a water elemental
  3005 | D:3      | Found a stormy altar of Qazlal.
  3006 | D:3      | Noticed an air elemental
  3006 | D:3      | Noticed an earth elemental
  3006 | D:3      | Noticed a fire elemental
  3166 | D:4      | Noticed Robin
  3208 | D:4      | Killed Robin
  3208 | D:4      | Reached skill level 1 in Polearms
  3413 | D:4      | Reached XP level 6. HP: 39/42 MP: 6/6
  4374 | D:5      | Entered Level 5 of the Dungeon
  4422 | D:5      | Reached XP level 7. HP: 40/46 MP: 7/7
  4464 | D:5      | Reached skill level 5 in Dodging
  4464 | D:5      | Reached skill level 5 in Stealth
  4479 | D:5      | Acquired Trog's third power
  4548 | D:5      | Noticed Eustachio
  4554 | D:5      | Killed Eustachio
  4680 | D:5      | Found a sparkling altar of Nemelex Xobeh.
  5096 | D:6      | Reached skill level 5 in Polearms
  5096 | D:6      | Reached skill level 6 in Stealth
  5096 | D:6      | Reached XP level 8. HP: 52/52 MP: 8/8
  5194 | D:6      | Found a shattered altar of Ashenzari.
  5328 | D:6      | Found a shimmering altar of Xom.
  5385 | D:6      | HP: 5/52 [giant frog (7)]
  5386 | D:6      | Reached skill level 7 in Stealth
  5970 | D:7      | Reached XP level 9. HP: 53/56 MP: 9/9
  5990 | D:7      | Found a staircase to the Ecumenical Temple.
  6006 | D:7      | Found an opulent altar of Gozag.
  6009 | D:7      | Found an ancient bone altar of Kikubaaqudgha.
  6011 | D:7      | Found a snail-covered altar of Cheibriados.
  6193 | D:7      | Found Essaxiott's Gadget Emporium.
  6200 | D:7      | Reached skill level 8 in Stealth
  7565 | D:8      | Reached skill level 9 in Stealth
  7607 | D:8      | Noticed a three-headed hydra
  7620 | D:8      | HP: 7/84 [three-headed hydra (17)]
  7621 | D:8      | Killed a three-headed hydra
  7621 | D:8      | Reached XP level 10. HP: 7/63 MP: 10/10
  8414 | D:9      | Reached skill level 10 in Stealth
  8423 | D:9      | Found a staircase to the Lair.
  8608 | D:9      | Found a bloodstained altar of Trog.
  8726 | D:9      | Found Teidwoci's Distillery.
  8766 | D:9      | Found Qairiliq's Food Shop.
  9189 | D:9      | Reached skill level 10 in Polearms
  9285 | D:9      | HP: 2/94 [troll (15)]
  9286 | D:9      | Mangled by a troll

Vault maps used:
D:1:      lightli_molten_gateway
D:2:      lemuel_coloured_pillars_altar
D:3:      nicolae_qazlal_style_of_elements
D:4:      minmay_lizard_king, uniq_robin
D:5:      lemuel_ice_spiral_2, nemelex_deck, first_bread,
          hangedman_decor_opposing, uniq_eustachio
D:6:      ashenzari_altar_1, basic_altar
D:7:      grunt_temple_overflow_open, serial_shops, shop
D:8:      hangedman_ranch, minmay_misc_feat_rows, kb_rosetta
D:9:      minmay_quarter_circles, grunt_lair_entry_elf_guard_hut, serial_shops,
          shop, shop, nicolae_shop_scaring_up_business, shop, trog_wizard

Action                   |  1- 3 |  4- 6 |  7- 9 | 10-12 || total
-------------------------+-------+-------+-------+-------++-------
Melee: Mace              |    57 |    50 |       |       ||   107
       Trident           |       |   102 |   231 |   186 ||   519
Throw: Stone             |       |       |     1 |     1 ||     2
Invok: Berserk           |     1 |     2 |     2 |     3 ||     8
       Trog's Hand       |       |       |     2 |     3 ||     5
Evoke: Wand              |       |       |     1 |       ||     1
  Use: Scroll            |       |     9 |     4 |       ||    13
       Potion            |       |       |     9 |       ||     9
 Stab: Sleeping          |     9 |    10 |    26 |    11 ||    56
       Distracted        |       |       |     1 |       ||     1
  Eat: Chunk             |     3 |     9 |     5 |     5 ||    22
       Fruit             |       |     4 |       |     7 ||    11
       Pizza             |       |       |     1 |       ||     1
       Meat ration       |       |       |     1 |       ||     1
